 Dungeon Crawl Stone Soup version 0.18-a0-1514-g6ed9364 (webtiles) character file.

767743 Gorice the Spry (level 27, -7/207 HPs)
             Began as a Demonspawn Gladiator on Mar 3, 2016.
             Was the Champion of Okawaru.
             Killed from afar by a hellion (34 damage)
             ... with a burst of hellfire
             ... in Pandemonium on Mar 6, 2016.
             The game lasted 10:15:45 (75946 turns).

Gorice the Spry (Demonspawn Gladiator)             Turns: 75946, Time: 10:15:46

Health: -7/207     AC: 24    Str: 22    XL:     27
Magic:  33/39      EV: 25    Int: 16    God:    Okawaru [******]
Gold:   6424       SH:  0    Dex: 16    Spells: 14 memorised, 10 levels left

rFire  + + +     SeeInvis .     a - +9 lajatang (speed)
rCold  + + .     Gourm    .     l - quicksilver dragon armour of Grot {rC+ MR+ Regen+ Stlth+}
rNeg   + + +     Faith    .     (shield currently unavailable)
rPois  +         Spirit   .     (helmet unavailable)
rElec  .         Dismiss  .     e - +2 cloak {MR+}
rCorr  .         Reflect  .     (gloves unavailable)
SustAt .         Harm     .     (boots unavailable)
MR     +++++                    A - macabre finger necklace {rN+}
Stlth  ++++......               T - ring of Juugor {rPois rN+ AC+4 Str-2}
                                M - ring of Pride {Fragile rF+++ rN+ Str+4 Slay+3}
                                n - +5 ring of slaying

@: almost entirely resistant to hostile enchantments, stealthy
A: claws 3, hooves 3, horns 3, blurry vision 1, cold resistance 1, icemail,
magic resistance 1, negative energy resistance 1, powered by death 3, 50%
torment resistance, black mark, freezing cloud immunity
a: Heroism, Finesse, Renounce Religion
}: 6/15 runes: decaying, slimy, silver, abyssal, demonic, gossamer


You were in Pandemonium.
You worshipped Okawaru.
Okawaru was exalted by your worship.
You were not hungry.

You visited 12 branches of the dungeon, and saw 60 of its levels.
You visited Pandemonium 2 times, and saw 7 of its levels.
You visited the Abyss 2 times.
You also visited: Labyrinth, Trove, Sewer, Volcano and Wizlab.

You collected 8910 gold pieces.
You spent 2486 gold pieces at shops.

Inventory:

Hand Weapons
 a - a +9 lajatang of speed (weapon)
   (Okawaru gifted it to you on level 6 of the Pits of Slime)
 B - the +7 blowgun of the Forgotten Orbs {evade, rElec Int+3}
   (You found it on level 3 of the Depths)

   It affects your evasion (+5 to EV).
   It affects your intelligence (+3).
   It insulates you from electricity.
Missiles
 j - 25 poisoned javelins (quivered)
 u - 28 silver javelins
 y - 12 curare-tipped needles
 z - 24 javelins of penetration
 Y - 2 throwing nets
Armour
 e - a +2 cloak of magic resistance (worn)
   (You found it on level 5 of the Vaults)
 l - the quicksilver dragon armour of Grot (worn) {rC+ MR+ Regen+ Stlth+}
   (Okawaru gifted it to you on level 5 of the Lair of Beasts)

   It protects you from cold.
   It affects your resistance to hostile enchantments.
   It increases your rate of regeneration.
   It makes you more stealthy.
 m - the +2 cloak of Levity {rPois}
   (Okawaru gifted it to you in Pandemonium)

   It protects you from poison.
Rods
 L - a +3 lightning rod (13/13) {!a}
   (You found it on level 3 of the Crypt)
Jewellery
 f - an uncursed ring of flight
 n - a +5 ring of slaying (on amulet)
 A - the macabre finger necklace (around neck) {rN+}
   (You found it on level 2 of the Realm of Zot)

   [amulet of nothing]

   It protects you from negative energy.
 M - the ring of Pride (left claw) {Fragile rF+++ rN+ Str+4 Slay+3}
   (You found it in a treasure trove)

   [ring of positive energy]

   It affects your strength (+4).
   It affects your accuracy and damage with ranged weapons and melee attacks
   (+3).
   It renders you almost immune to fire.
   It protects you from negative energy.
   It will be destroyed if unequipped.
 O - the ring of Ojeaschi {rCorr MR+ Str-2 Dex+2 SInv}
   (You found it in a wizard's laboratory)

   [ring of resist corrosion]

   It affects your strength (-2).
   It affects your dexterity (+2).
   It affects your resistance to hostile enchantments.
   It lets you see invisible.
 T - the ring of Juugor (right claw) {rPois rN+ AC+4 Str-2}
   (You took it off a deep elf annihilator on level 4 of the Vaults)

   [ring of protection]

   It affects your AC (+4).
   It affects your strength (-2).
   It protects you from poison.
   It protects you from negative energy.
 V - the ring of Vumeafal {rC+ rN+ Str+2 Dex+5}
   (You found it on level 3 of the Crypt)

   [ring of positive energy]

   It affects your strength (+2).
   It affects your dexterity (+5).
   It protects you from cold.
   It protects you from negative energy.
Wands
 b - a wand of disintegration (13/24)
 c - a wand of digging (8/24)
 x - a wand of heal wounds (7/9) {!d}
Scrolls
 d - 28 scrolls of teleportation {!r}
 h - 8 scrolls of blinking
 i - 10 scrolls of fear {!r}
 o - a scroll of amnesia
 p - a scroll of recharging
 w - 17 scrolls of remove curse
 C - 7 scrolls of fog
 E - 17 scrolls of identify
 J - 6 scrolls of summoning {!r}
 S - 4 scrolls of magic mapping {!r}
Potions
 k - 4 potions of agility {!q}
 q - 11 potions of might {!q}
 s - 22 potions of curing
 t - 3 potions of haste {!q}
 F - 6 potions of resistance {!q}
 G - 8 potions of heal wounds {!q}
 I - 3 potions of invisibility {!q}
 R - 2 potions of cancellation {!q}
Miscellaneous
 H - a lamp of fire
 N - a fan of gales
Comestibles
 g - 4 chunks of flesh
 D - 27 meat rations {!e}
 U - 34 fruits


   Skills:
 - Level 15.0 Fighting
   Level 8.8 Long Blades
 - Level 14.0 Staves
 - Level 12.0 Throwing
 + Level 19.4 Armour
 - Level 19.5 Dodging
 - Level 10.0 Stealth
 - Level 12.0 Spellcasting
 - Level 15.6 Conjurations
 - Level 7.0 Hexes
 - Level 14.5 Charms
 - Level 5.0 Summonings
 - Level 6.2 Necromancy
 - Level 6.1 Translocations
 - Level 14.0 Ice Magic
 - Level 14.1 Air Magic
 - Level 8.0 Invocations
 + Level 9.8 Evocations


You had 10 spell levels left.
You knew the following spells:

 Your Spells              Type           Power        Failure   Level  Hunger
a - Spectral Weapon       Hex/Chrm       #####...     1%          3    None
b - Sublimation of Blood  Necr           ####......   1%          2    None
d - Ensorcelled Hibernat  Hex/Ice        #####.       1%          2    None
e - Confuse               Hex            ####....     1%          3    None
f - Freezing Cloud        Conj/Ice/Air   ######....   4%          6    ######.
g - Airstrike             Air            ######....   1%          4    ##.....
p - Portal Projectile     Tloc           ####..       2%          3    None
A - Apportation           Tloc           ####......   1%          1    None
B - Summon Butterflies    Summ           ####....     1%          1    None
H - Haste                 Chrm           ######..     4%          6    ######.
J - Blink                 Tloc           N/A          1%          2    None
M - Repel Missiles        Chrm/Air       ######       1%          2    None
R - Regeneration          Chrm/Necr      #####.....   1%          3    None
S - Swiftness             Chrm/Air       ######..     1%          2    None


Dungeon Overview and Level Annotations

Branches:
Dungeon (15/15)            Temple (1/1) D:7            Lair (8/8) D:10
  Swamp (4/4) Lair:3       Spider (4/4) Lair:4        Slime (6/6) Lair:8
    Orc (2/2) D:10            Elf (3/3) Orc:2        Vaults (5/5) D:14
  Crypt (3/3) Vaults:3       Tomb (0/3) Crypt:3      Depths (5/5) D:15
    Zot (4/5) Depths:5

Altars:
Ashenzari
Cheibriados
Dithmenos
Elyvilon
Fedhas
Gozag
Kikubaaqudgha
Makhleb
Nemelex Xobeh
Okawaru
Pakellas
Qazlal
Ru
Sif Muna
Trog
Vehumet
Xom
Yredelemnul
Zin
The Shining One
Beogh
Lugonu

Shops:
D:4 ?   D:7 %   D:11 [   Orc:2 *[:(   Elf:1 }   Vaults:1 *   Vaults:5 *
Depths:1 %

Portals:
Hell: Depths:1 Depths:2 Depths:3 Depths:4 Depths:5
Abyss: Depths:2 Depths:4
Pandemonium: Depths:3 Depths:4
Ziggurat: Depths:1

Annotations:
D:9 pUX: poss loot behind deep water (mapped)
Lair:4 exclusion: oklob plant
Lair:5 UX: shafted here


Innate Abilities, Weirdness & Mutations

You have claws for hands.
You have hooves in place of feet.
You have a pair of large horns on your head.
Your flesh is cold resistant.
A meltable icy envelope protects you from harm (AC +0).
You resist negative energy.
You regenerate a lot of health from kills.
You are somewhat able to resist unholy torments (1 in 2 success).
Your melee attacks may debilitate your foes.
You are immune to freezing clouds.
Scrolls take you a little longer to read.
You are resistant to hostile enchantments.


Message History

The hellion moves out of view. 2 hellions come into view.
The hellion gives a hideous shriek!
Found a staff of cold and a runed hunting sling. 7 hellions come into view.
Unknown command.
The hellion moves out of view.
Casting: Freezing Cloud
Confirm with . or Enter, or press ? or * to list all spells.
Aiming: Freezing Cloud
Press: ? - help, Dir - move target cursor Out of range.
Out of range.
Okay, then.
A soul eater comes into view.
The soul eater moves out of view.
The hellion gestures at you.
The hellfire explodes!
The burst of hellfire engulfs you!
Your icy envelope dissipates!
You hear a hideous shriek! x2; The hellion gives a hideous shriek!
You hear a hideous shriek!
The hellion gives a hideous shriek! x3
You hear a hideous shriek! x6; You hear a chilling moan.
Something hisses, "I will feast on thy gizzard!"
You hear a roar!
You hear a bellow!
You hear a shout! x3
You hear a hideous shriek!
You hear a shout!
Damage: 32 (max 32) 2 hellions come into view.
Casting: Freezing Cloud
Confirm with . or Enter, or press ? or * to list all spells.
Aiming: Freezing Cloud
Press: ? - help, Dir - move target cursor The hellion gestures at you.
The hellfire explodes!
The burst of hellfire engulfs you! The hellion gestures at you.
The hellfire explodes!
The burst of hellfire engulfs you!
The hellion is engulfed in freezing vapours. x2
The hellion gestures at you.
The hellfire explodes!
The burst of hellfire engulfs you! The hellion gestures at you.
The hellfire explodes!
The burst of hellfire engulfs you!
* * * LOW HITPOINT WARNING * * *
A hellion comes into view.
The hellion gives a hideous shriek!
Damage: 125 (max 125)
The hellion gestures at you.
The hellfire explodes!
The burst of hellfire engulfs you!
* * * LOW HITPOINT WARNING * * *
The hellion gestures at you.
The hellfire explodes!
The burst of hellfire engulfs you!
You die...

#..# ........# # #..#
##.......# .# .###..#
#........##.#
#.....###..........#
##.................#
.##....###.....(...#
..##...###.........#
..##...##........##
....#..##.......@#
....##..#...?..#.#
....##..##....##.§§≈§≈≈≈
...#.##..#.......§≈§≈≈≈≈
.###.# #......#..§≈≈§≈≈§
# ##.# #.....##..≈§§§222
###..###.....##.3≈≈§2222
......##......#.≈§§2222)
...###..........≈≈≈22..2


You could see a soul eater and 6 hellions.

Vanquished Creatures
  the Royal Jelly (Slime:6)
  An ancient lich (Zot:3)
  An orb of fire (Zot:3)
  Mara (Depths:1)
  Sojobo (Depths:1)
  Frederick (Depths:3)
  Saint Roka (Vaults:4)
  2 Killer Klowns
  A curse toe (Zot:3)
  4 pandemonium lords (Pan)
  A profane servitor (Crypt:3)
  4 golden dragons
  Jory (Crypt:2)
  2 bone dragons
  3 electric golems
  Rupert (Lair:5)
  4 Hell Sentinels (Pan)
  Asterion (Spider:4)
  3 deep elf blademasters
  3 titans (Vaults:5)
  13 tentacled monstrosities
  An Ice Fiend (Pan)
  A moon troll (WizLab)
  5 liches
  7 death cobs
  A Shadow Fiend (Pan)
  2 deep elf master archers (Elf:3)
  Agnes (D:15)
  5 sphinxes
  7 Executioners
  2 ancient champions (Vaults:2)
  19 acid blobs
  5 thorn hunters
  Kirke (Spider:4)
  12 tentacled starspawn
  Frances (Spider:1)
  3 draconian monks
  8 tengu reavers
  12 storm dragons
  5 shadow dragons
  3 daevas
  4 revenants
  Wiglaf (Crypt:1)
  6 fire giants
  2 frost giants
  2 corrupters (Pan)
  8 azure jellies (Slime:6)
  4 cacodemons
  An orc warlord (Orc:2)
  6 draconian scorchers
  21 vault wardens
  6 balrugs
  7 draconian knights
  10 deep elf sorcerers
  Louise (Spider:1)
  4 emperor scorpions (Spider:4)
  10 ghouls
  A warmonger (Pan)
  8 draconian shifters
  7 ghost moths
  A deep elf elementalist (Elf:3)
  3 curse skulls
  4 iron dragons
  7 draconian zealots
  14 ironheart preservers
  2 draconian annihilators
  2 angels (Pan)
  2 war gargoyles
  19 very ugly things
  A spriggan defender (Vaults:1)
  19 stone giants
  5 chaos champions (Pan)
  The ghost of Tomstefer the Brawler, a journeyman VSMo of Ashenzari (Orc:1)
  3 salamander stormcallers
  Azrael (Elf:2)
  8 black draconians
  10 deep elf demonologists
  5 apis (Pan)
  A spark wasp (Spider:4)
  10 draconian callers
  2 vampire knights
  8 deep elf annihilators
  9 mottled draconians
  8 red draconians
  3 lorocyprocas (Pan)
  A dire elephant (D:15)
  22 yellow draconians
  2 black suns (Pan)
  8 white draconians
  8 green draconians
  11 purple draconians
  14 eidola
  16 deep elf death magi
  2 merfolk javelineers
  A green death (Pan)
  12 ettins
  A mummy priest (Crypt:3)
  3 crystal guardians
  Snorg (D:12)
  3 jiangshi (Crypt:1)
  19 fire dragons
  A quicksilver dragon zombie (Crypt:2)
  32 vault guards
  8 death oozes
  A minotaur (Lab)
  4 deep elf high priests
  Josephine (Orc:1)
  25 yaktaur captains
  24 hydras
  19 great orbs of eyes
  18 ice dragons
  2 monstrous demonspawn (Pan)
  4 rakshasas
  7 entropy weavers
  2 ghost crabs
  14 ogre magi
  3 quicksilver dragon skeletons (Crypt:2)
  A hell beast (Pan)
  Erica (D:8)
  3 spriggan air magi
  8 alligators
  26 dancing weapons
  15 death yaks
  5 death knights
  A satyr (shapeshifter) (Vaults:4)
  A catoblepas (Lair:6)
  11 centaur warriors
  5 vampire magi
  4 tengu warriors
  11 deep troll shamans
  2 orc high priests (Orc:2)
  3 thrashing horrors (Abyss:4)
  A titan zombie (Crypt:3)
  3 hell hogs (Pan)
  7 spriggan berserkers
  15 sun demons (Pan)
  7 deep troll earth magi
  13 hell knights
  4 wretched stars
  Urug (Lair:3)
  31 deep elf knights
  8 iron trolls
  5 soul eaters
  2 fire crabs
  A shadow wraith (Vaults:3)
  A storm dragon skeleton (Crypt:1)
  9 unseen horrors
  A gelid demonspawn (Pan)
  An anaconda zombie (Crypt:1)
  22 deep trolls
  A giant orange brain (shapeshifter) (Vaults:1)
  3 spatial maelstroms
  2 orange crystal statues
  7 giant orange brains
  6 spriggan druids
  3 golden dragon zombies
  3 putrid demonspawn (Pan)
  26 skeletal warriors
  An unseen horror (shapeshifter) (D:10)
  11 swamp dragons
  3 shadow demons (Pan)
  A hill giant (shapeshifter) (Vaults:2)
  11 hill giants
  5 infernal demonspawn (Pan)
  2 shambling mangroves
  10 flayed ghosts
  A lindwurm (Volcano)
  17 orc knights
  32 deep elf archers
  3 wizards
  A shadow dragon zombie (Abyss:1)
  2 wolf spider zombies
  18 orb spiders
  Pikel (D:5)
  5 harpies (Vaults:3)
  22 ironbrand convokers
  12 necromancers
  20 phantasmal warriors
  2 mana vipers (shapeshifter)
  A statue (Volcano)
  9 oklob plants
  40 wolf spiders
  78 deep elf magi
  An iron dragon zombie (Crypt:3)
  4 frost giant zombies
  2 manticores (shapeshifter)
  7 griffons
  59 ugly things
  2 shining eyes
  9 hornets
  2 tengu skeletons
  A fire giant zombie (Crypt:1)
  5 orc sorcerers
  6 sixfirhies (Pan)
  10 elephants (Lair:8)
  7 cyclopes
  24 moths of wrath
  A shock serpent zombie (Crypt:1)
  2 stone giant zombies
  A guardian serpent (Lair:8)
  A fire giant skeleton (Depths:4)
  10 vault sentinels
  2 centaur zombies
  7 black mambas
  A naga mage (D:15)
  24 spiny frogs
  4 gargoyles
  3 torpor snails
  Maurice (D:8)
  A frost giant skeleton (Vaults:2)
  9 smoke demons
  7 hellions
  8 eyes of devastation
  2 centaur skeletons
  3 orange demons
  A spiny frog (shapeshifter) (Vaults:4)
  7 kobold demonologists
  A yaktaur (shapeshifter) (Vaults:1)
  A human zombie (Vaults:2)
  4 tormentors (Pan)
  11 demonic crawlers
  2 efreet (D:13)
  48 yaktaurs
  6 hellwings
  11 komodo dragons
  18 freezing wraiths
  3 rime drakes
  6 tengu conjurers
  A harpy zombie (Crypt:3)
  2 golden dragon simulacra
  11 red devils
  34 jumping spiders
  A minotaur zombie (Crypt:2)
  3 polar bears
  A queen bee (Lair:2)
  14 trolls
  A purple draconian skeleton (Crypt:2)
  24 two-headed ogres
  8 raiju
  A hornet zombie (Crypt:2)
  2 ice dragon zombies
  Grinder (D:6)
  11 giant leeches
  2 minotaur skeletons
  2 ushabtiu (Crypt:3)
  11 blink frogs
  10 bog bodies
  107 slime creatures
  6 boulder beetles
  A blink frog (shapeshifter) (Depths:4)
  A fire giant simulacrum (Crypt:2)
  3 flying skulls (Abyss:2)
  5 small abominations
  16 starcursed masses
  An alligator zombie (Crypt:1)
  73 redbacks
  An ettin zombie (Crypt:3)
  Sigmund (D:5)
  10 air elementals
  An ice dragon skeleton (Crypt:2)
  A stone giant simulacrum (Crypt:2)
  6 large abominations
  2 ettin skeletons
  A tarantella (shapeshifter) (Depths:2)
  A giant leech zombie (Crypt:2)
  A vampire (D:10)
  4 shadows
  16 spriggans
  32 tarantellas
  15 water elementals
  Eustachio (D:6)
  44 yaks
  An elf skeleton (Depths:4)
  7 wyverns
  8 hippogriffs
  A black mamba skeleton (Crypt:2)
  4 fire elementals (Elf:2)
  7 golden eyes
  14 wraiths
  3 basilisks
  6 ynoxinuls
  11 fire bats (Volcano)
  16 humans
  12 chaos spawn (Pan)
  2 hungry ghosts
  38 vampire mosquitoes
  30 wolves
  3 neqoxecs
  5 mottled dragons
  17 swamp worms
  3 steam dragons (Lair:8)
  8 insubstantial wisps
  A merfolk zombie (Crypt:2)
  9 wargs
  8 spatial vortices
  27 water moccasins
  A water moccasin (shapeshifter) (Vaults:3)
  A porcupine (shapeshifter) (Vaults:3)
  13 porcupines
  Duvessa (D:7)
  8 hell hounds
  Purgy (Sewer)
  2 black bears
  11 ice beasts
  A human skeleton (Depths:2)
  57 orc warriors
  2 sky beasts
  18 swamp drakes
  2 snapping turtle zombies
  A swamp dragon zombie (Crypt:3)
  27 wasps
  An ettin simulacrum (Vaults:1)
  16 necrophages
  12 boggarts
  4 eyes of draining
  57 ogres
  2 phantoms
  27 centaurs
  An anubis guard skeleton (Crypt:2)
  A crocodile (shapeshifter) (Depths:4)
  An elf simulacrum (Vaults:1)
  A manticore skeleton (Crypt:1)
  17 crocodiles
  5 big kobolds
  A komodo dragon zombie (Crypt:2)
  A cyclops zombie (Crypt:1)
  24 giant frogs
  3 gnoll sergeants
  2 wyvern zombies
  Dowan (D:7)
  3 earth elementals
  9 wyvern skeletons
  4 scorpions
  29 killer bees
  An orc simulacrum (Vaults:2)
  27 wights
  A howler monkey (shapeshifter) (Vaults:5)
  4 howler monkeys
  7 electric eels
  A human simulacrum (Vaults:2)
  A wasp zombie (D:12)
  12 crimson imps
  A quasit (D:11)
  2 hounds (D:9)
  37 jellies
  2 giant frog skeletons
  33 orc priests
  A black bear zombie (Crypt:2)
  4 gnoll shamans (D:3)
  33 orc wizards
  9 iguanas
  14 worker ants
  A worker ant (shapeshifter) (Vaults:5)
  27 sheep
  A killer bee zombie (D:8)
  An ogre skeleton (Crypt:2)
  A felid skeleton (Crypt:1)
  A mummy (Crypt:3)
  2 worker ant zombies
  45 gnolls
  17 adders
  71 river rats
  7 shadow imps
  A swamp drake skeleton (Crypt:1)
  3 white imps
  7 oozes
  6 worms
  3 dart slugs
  14 giant geckos
  155 orcs
  27 bats
  4 giant cockroaches (D:4)
  5 goblins
  13 hobgoblins
  29 jackals
  14 kobolds
  7 quokkas
  A river rat zombie (Crypt:1)
  2 ball pythons
  8 giant newts
  A goblin skeleton (Crypt:1)
  A jackal zombie (D:7)
  A quokka zombie (D:6)
  14 rats
  4 briar patches
  3 fungi
  5 lost souls
  2 spectral weapons
  6 starspawn tentacles
  A starspawn tentacle segment (WizLab)
  2 withered plants (Crypt:3)
3432 creatures vanquished.

Vanquished Creatures (others)
  A draconian zealot (Zot:4)
  A draconian scorcher (Depths:5)
  A ghost moth (Zot:2)
  A dancing weapon (Elf:2)
  A deep elf knight (Vaults:3)
  A deep elf mage (Elf:2)
  An eye of devastation (WizLab)
  A yaktaur (Vaults:2)
  A redback (Spider:4)
  A golden eye (Slime:1)
  2 boggarts (Vaults:3)
  2 ogres (Vaults:4)
  A centaur (Depths:4)
  Blork the orc (D:5)
  A starcursed mass (Abyss:2)
  A jelly (D:5)
  4 orcs
  A giant newt (D:5)
  4 briar patches (Swamp:2)
  3 bushes (Depths:5)
  7 demonic plants (WizLab)
  20 fungi
  2 lost souls
  21 plants
  139 spectral weapons
  22 starspawn tentacles
  315 starspawn tentacle segments
  6 toadstools (Swamp:2)
562 creatures vanquished.

Grand Total: 3994 creatures vanquished

Notes
Turn   | Place    | Note
--------------------------------------------------------------
     0 | D:1      | Gorice the Demonspawn Gladiator began the quest for the Orb.
     0 | D:1      | Reached XP level 1. HP: 16/16 MP: 1/1
    74 | D:1      | Reached skill level 3 in Long Blades
    76 | D:1      | HP: 4/16 [bat (1)]
   313 | D:1      | Gained mutation: You have a pair of small horns on your head. [demonic ancestry]
   313 | D:1      | Reached XP level 2. HP: 22/22 MP: 2/2
  1252 | D:1      | Gained mutation: Your flesh is cold resistant. [demonic ancestry]
  1252 | D:1      | Reached XP level 3. HP: 28/28 MP: 3/3
  1656 | D:2      | Reached skill level 3 in Fighting
  1885 | D:3      | Gained mutation: You are immune to freezing clouds. [demonic ancestry]
  1885 | D:3      | Reached XP level 4. HP: 32/35 MP: 4/4
  1949 | D:3      | Reached skill level 4 in Long Blades
  2290 | D:3      | Gained mutation: You regenerate a little health from kills. [demonic ancestry]
  2290 | D:3      | Reached XP level 5. HP: 38/41 MP: 5/5
  2351 | D:3      | Noticed an ogre
  2376 | D:3      | Reached skill level 5 in Long Blades
  2403 | D:3      | Reached skill level 1 in Armour
  2492 | D:3      | Killed an ogre
  2492 | D:3      | Gained mutation: You have large cloven feet. [demonic ancestry]
  2492 | D:3      | Reached XP level 6. HP: 47/47 MP: 6/6
  2506 | D:3      | Reached skill level 2 in Armour
  2652 | D:3      | Reached skill level 6 in Long Blades
  2881 | D:3      | Reached XP level 7. HP: 48/52 MP: 7/7
  3483 | D:3      | Reached skill level 3 in Armour
  4123 | D:4      | Found Xisukhi's Magic Scroll Shoppe.
  4288 | D:4      | Found a glowing drain.
  4343 | Sewer    | Entered a sewer
  4389 | Sewer    | Noticed Purgy
  4423 | Sewer    | Killed Purgy
  4423 | Sewer    | Reached skill level 7 in Long Blades
  4913 | D:4      | Bought a scroll of identify for 26 gold pieces
  4913 | D:4      | Bought a scroll of identify for 26 gold pieces
  4913 | D:4      | Bought a scroll of identify for 26 gold pieces
  4913 | D:4      | Bought a scroll of identify for 26 gold pieces
  4913 | D:4      | Bought a scroll of fog for 26 gold pieces
  4940 | D:5      | Entered Level 5 of the Dungeon
  4964 | D:5      | Got a fine ring mail
  4965 | D:5      | Found an oddly glowing altar of Pakellas.
  5007 | D:4      | Identified the cursed +1 ring mail of the Fisher {rF- rC+ MR+ Int+5} (You found it on level 5 of the Dungeon)
  5064 | D:5      | Noticed Pikel
  5133 | D:5      | Gained mutation: You regenerate health from kills. [demonic ancestry]
  5133 | D:5      | Reached XP level 8. HP: 46/58 MP: 8/8
  5241 | D:5      | Reached skill level 4 in Armour
  5260 | D:5      | HP: 11/58 [Pikel/whip of electrocution (20)]
  5265 | D:5      | HP: 17/87 [Pikel/whip of electrocution (2)]
  5265 | D:5      | HP: 5/87 [Pikel/whip of electrocution (12)]
  5266 | D:5      | Killed Pikel
  5266 | D:5      | Reached skill level 8 in Long Blades
  5300 | D:5      | Got an ichor-stained quarterstaff
  5373 | D:5      | Identified the +11 quarterstaff of Conscience {crush, rC- Str+2 Dex+3} (You found it on level 5 of the Dungeon)
  5460 | D:5      | Noticed Blork the orc
  5463 | D:5      | Killed Blork the orc
  5591 | D:5      | Noticed Sigmund
  5597 | D:5      | Killed Sigmund
  5597 | D:5      | Reached skill level 1 in Staves
  5597 | D:5      | Reached skill level 5 in Armour
  5613 | D:5      | Reached skill level 2 in Staves
  5926 | D:6      | Noticed Grinder
  5928 | D:6      | Paralysed by Grinder for 2 turns
  5932 | D:6      | Killed Grinder
  5932 | D:6      | Reached skill level 3 in Staves
  5932 | D:6      | Gained mutation: You have sharp fingernails. [demonic ancestry]
  5932 | D:6      | Reached XP level 9. HP: 45/64 MP: 9/9
  6012 | D:6      | Noticed Eustachio
  6078 | D:6      | Killed Eustachio
  6354 | D:6      | Reached skill level 4 in Staves
  6485 | D:6      | Reached skill level 6 in Armour
  6593 | D:6      | Reached skill level 5 in Staves
  6836 | D:7      | Found a staircase to the Ecumenical Temple.
  6859 | Temple   | Entered the Ecumenical Temple
  6959 | Temple   | Became a worshipper of Warmaster Okawaru
  6989 | D:7      | Noticed Dowan
  6990 | D:7      | Noticed Duvessa
  7009 | D:7      | Killed Duvessa
  7014 | D:7      | Killed Dowan
  7080 | D:7      | Reached skill level 6 in Staves
  7254 | D:7      | Found Quuham's Food Emporium.
  7258 | D:7      | Noticed a hill giant
  7547 | D:7      | Killed a hill giant
  7547 | D:7      | Reached * piety under Okawaru
  7547 | D:7      | Reached skill level 7 in Armour
  7547 | D:7      | Reached XP level 10. HP: 70/70 MP: 10/10
  7642 | D:7      | Reached ** piety under Okawaru
  7642 | D:7      | Reached skill level 7 in Staves
  7904 | D:8      | Noticed Erica
  7911 | D:8      | Killed Erica
  7911 | D:8      | Reached skill level 8 in Staves
  7992 | D:8      | Noticed Maurice
  8021 | D:8      | Killed Maurice
  8021 | D:8      | Reached *** piety under Okawaru
  8052 | D:8      | Found a basalt altar of Yredelemnul.
  8212 | D:8      | Noticed an angel
  8213 | D:8      | Found a glowing silver altar of Zin.
  8213 | D:8      | Found a shimmering altar of Xom.
  8286 | D:8      | Reached skill level 8 in Armour
  8863 | D:9      | Reached skill level 9 in Staves
  9104 | D:9      | Found a sparkling altar of Nemelex Xobeh.
  9105 | D:9      | Found a white marble altar of Elyvilon.
  9107 | D:9      | Found a deep blue altar of Sif Muna.
  9113 | D:9      | Found an oddly glowing altar of Pakellas.
  9113 | D:9      | Found a shadowy altar of Dithmenos.
  9134 | D:9      | Found a runed door.
  9309 | D:9      | Noticed a cyclops
  9440 | D:9      | HP: 21/70 [cyclops (24)]
  9446 | D:9      | Killed a cyclops
  9932 | D:9      | Reached **** piety under Okawaru
  9932 | D:9      | Gained mutation: You regenerate a lot of health from kills. [demonic ancestry]
  9932 | D:9      | Reached XP level 11. HP: 75/75 MP: 11/11
 10125 | D:9      | Found a roughly hewn altar of Beogh.
 10198 | D:9      | Upgraded the game from 0.18-a0-1485-g189885c to 0.18-a0-1497-g788d838
 10199 | D:10     | Entered Level 10 of the Dungeon
 10291 | D:10     | Found a staircase to the Orcish Mines.
 10414 | D:10     | Reached skill level 10 in Staves
 10424 | D:10     | Found a large runed door.
 10424 | D:10     | Found a large runed door.
 10433 | D:10     | Noticed a hill giant
 10438 | D:10     | Killed a hill giant
 10453 | D:10     | Killed an unseen horror
 10453 | D:10     | Received a gift from Okawaru
 10511 | D:10     | Found a large runed door.
 10511 | D:10     | Found a large runed door.
 10546 | D:10     | Noticed a hill giant
 10551 | D:10     | Killed a hill giant
 10553 | D:10     | Reached skill level 9 in Armour
 10577 | D:10     | Reached ***** piety under Okawaru
 10703 | D:10     | Reached skill level 11 in Staves
 11117 | D:10     | Found a staircase to the Lair.
 11278 | D:10     | Killed an unseen horror
 11288 | D:10     | Got a blackened falchion {slice}
 11289 | D:10     | Identified the +5 falchion of Qazlal's Esteem {slice, +Rage rF- rN+ Str+3} (You took it off a vampire on level 10 of the Dungeon)
 11348 | Lair:1   | Entered Level 1 of the Lair of Beasts
 11640 | Lair:1   | Got a fine bronze ring
 11805 | Lair:1   | Noticed a seven-headed hydra
 11816 | Lair:1   | Killed a seven-headed hydra
 11816 | Lair:1   | Reached skill level 12 in Staves
 11857 | Lair:1   | Gained mutation: You have hoof-like feet. [demonic ancestry]
 11857 | Lair:1   | Reached XP level 12. HP: 76/81 MP: 12/12
 11873 | Lair:1   | Reached skill level 10 in Armour
 11881 | Lair:1   | Identified the ring "Hasiotto" {*Drain MP+9 Str+4 Int+2} (You found it on level 1 of the Lair of Beasts)
 12095 | Lair:1   | Received a gift from Okawaru
 13367 | Lair:3   | Reached skill level 13 in Staves
 13532 | Lair:3   | Reached ****** piety under Okawaru
 13562 | Lair:3   | Found a staircase to the Swamp.
 13756 | Lair:3   | Noticed Urug
 13764 | Lair:3   | Killed Urug
 13773 | Lair:3   | Noticed a four-headed hydra
 13789 | Lair:3   | Received a gift from Okawaru
 13799 | Lair:3   | Killed a four-headed hydra
 13886 | Lair:3   | Noticed a six-headed hydra
 13895 | Lair:3   | Killed a six-headed hydra
 13895 | Lair:3   | Reached skill level 11 in Armour
 14103 | Lair:3   | Reached skill level 14 in Staves
 14365 | Lair:4   | Reached skill level 1 in Invocations
 14391 | Lair:4   | Reached skill level 2 in Invocations
 14391 | Lair:4   | Reached XP level 13. HP: 87/87 MP: 14/14
 14407 | Lair:4   | Received a gift from Okawaru
 14422 | Lair:4   | Reached skill level 3 in Invocations
 14452 | Lair:4   | Found a hole to the Spider Nest.
 14668 | Lair:4   | Reached skill level 4 in Invocations
 15078 | Lair:4   | You fall through a shaft!
 15421 | Lair:2   | Reached skill level 5 in Invocations
 15884 | Lair:5   | Received a gift from Okawaru
 15884 | Lair:5   | Reached skill level 6 in Invocations
 15892 | Lair:5   | Reached skill level 12 in Armour
 15897 | Lair:5   | Got an encrusted quicksilver dragon armour {god gift}
 15908 | Lair:5   | Identified the quicksilver dragon armour of Grot {rC+ MR+ Regen+ Stlth+} (Okawaru gifted it to you on level 5 of the Lair of Beasts)
 15957 | Lair:5   | Noticed Rupert
 15969 | Lair:5   | Killed Rupert
 15969 | Lair:5   | Reached skill level 7 in Invocations
 16423 | Lair:6   | Reached skill level 8 in Invocations
 16508 | Lair:6   | Reached skill level 3 in Dodging
 16514 | Lair:6   | HP: 26/87 [seven-headed hydra (6)]
 16692 | Lair:6   | Reached skill level 4 in Dodging
 17065 | Lair:7   | Received a gift from Okawaru
 17268 | Lair:7   | Learned a level 2 spell: Repel Missiles
 17282 | Lair:7   | Reached skill level 5 in Dodging
 17363 | Lair:7   | Reached skill level 13 in Armour
 17520 | Lair:7   | Gained mutation: A meltable icy envelope protects you from harm (AC +0). [demonic ancestry]
 17520 | Lair:7   | Reached XP level 14. HP: 93/93 MP: 17/20
 18095 | Lair:8   | Entered Level 8 of the Lair of Beasts
 18152 | Lair:8   | Reached skill level 6 in Dodging
 18180 | Lair:8   | Received a gift from Okawaru
 18332 | Lair:8   | Reached skill level 7 in Dodging
 18512 | Lair:8   | Received a gift from Okawaru
 18513 | Lair:8   | Got a pair of jewelled boots {god gift}
 18540 | Lair:8   | Identified the +2 pair of boots of Philately {Int+5 Dex-4 SInv Stlth+} (Okawaru gifted it to you on level 8 of the Lair of Beasts)
 18753 | Lair:8   | Reached skill level 14 in Armour
 18902 | Lair:8   | Reached skill level 8 in Dodging
 19291 | Lair:8   | Found a staircase to the Slime Pits.
 19505 | Lair:8   | Reached skill level 9 in Dodging
 19906 | Orc:1    | Entered Level 1 of the Orcish Mines
 19910 | Orc:1    | Noticed Tomstefer's ghost (journeyman VSMo)
 19927 | D:10     | Gained mutation: You have a pair of horns on your head. [demonic ancestry]
 19927 | D:10     | Reached XP level 15. HP: 85/98 MP: 21/21
 20036 | Orc:1    | Killed Tomstefer's ghost
 20242 | Orc:1    | Noticed Josephine
 20395 | Orc:1    | Killed Josephine
 20792 | Orc:2    | Entered Level 2 of the Orcish Mines
 20820 | Orc:2    | Received a gift from Okawaru
 20941 | Orc:2    | Found a dark tunnel.
 20960 | Volcano  | Entered a volcano
 21047 | Volcano  | Reached skill level 15 in Armour
 21051 | Volcano  | Found a bloodstained altar of Trog.
 21082 | Volcano  | Reached skill level 10 in Dodging
 21368 | Orc:2    | Noticed an orc warlord
 21426 | Orc:2    | Killed an orc warlord
 21501 | Orc:2    | Gained mutation: You are frail (-10% HP). [a neqoxec]
 21590 | Orc:2    | Found a roughly hewn altar of Beogh.
 21639 | Orc:2    | Found Iplaeb's Antique Armour Emporium.
 21684 | Orc:2    | Found Vumeoch's General Store.
 21727 | Orc:2    | Found Ulotweme's Book Emporium.
 21799 | Orc:2    | Found a staircase to the Elven Halls.
 21807 | Orc:2    | Found Gobbuboe's Antique Weapon Emporium.
 21881 | Orc:2    | Found a roughly hewn altar of Beogh.
 22361 | Lair:1   | Lost mutation: You are frail (-10% HP). [potion of cure mutation]
 22585 | D:11     | Found Kouvaeni's Armour Shoppe.
 23353 | D:12     | Reached skill level 11 in Dodging
 23357 | D:12     | Noticed Snorg
 23387 | D:12     | Killed Snorg
 23964 | D:12     | Found a portal to a secret trove of treasure.
 24210 | D:11     | Bought a +2 gold dragon armour for 1656 gold pieces
 24302 | D:12     | You paid a toll of a +2 gold dragon armour to enter a treasure trove
 24303 | Trove    | Entered a treasure trove
 24320 | Trove    | Got a translucent ivory amulet
 24324 | Trove    | Got a glittering golden ring
 24326 | Trove    | Got a pitted lead amulet
 24330 | Trove    | Got an ancient turquoise ring
 24339 | Trove    | Identified the amulet "Mucihugi" {Dismiss rF+ rC+ Str-3 Dex+3} (You found it in a treasure trove)
 24341 | Trove    | Identified the ring "Yfej Epn" {Fire MP+9} (You found it in a treasure trove)
 24343 | Trove    | Identified the ring of Pride {Fragile rF+++ rN+ Str+4 Slay+3} (You found it in a treasure trove)
 24344 | Trove    | Identified the amulet of the Eleven Ghosts {Harm *Drain Int+5 Dex+2} (You found it in a treasure trove)
 25167 | D:13     | Received a gift from Okawaru
 25168 | D:13     | Got a fine shield {god gift}
 25211 | D:13     | Reached skill level 16 in Armour
 25543 | D:14     | Found a gate to the Vaults.
 25637 | D:14     | Reached skill level 4 in Fighting
 25645 | D:14     | Gained mutation: You resist negative energy. [demonic ancestry]
 25645 | D:14     | Reached XP level 16. HP: 104/106 MP: 22/22
 25686 | D:14     | Found a labyrinth entrance.
 25702 | Lab      | Entered a labyrinth
 25814 | Lab      | Identified the Incunabulum of Flames and Transformation
 25857 | D:14     | Identified the +0 shield "Facuf" {Regen+ Int+6 SInv} (Okawaru gifted it to you on level 13 of the Dungeon)
 26237 | D:13     | Reached skill level 12 in Dodging
 26266 | D:13     | Reached skill level 5 in Fighting
 26813 | D:14     | Reached skill level 6 in Fighting
 26924 | D:15     | Entered Level 15 of the Dungeon
 26993 | D:15     | Received a gift from Okawaru
 27028 | D:15     | Got a polished shield {god gift}
 27118 | D:15     | Reached skill level 7 in Fighting
 27245 | D:15     | Found a staircase to the Depths.
 27276 | D:15     | Reached skill level 13 in Dodging
 27508 | D:15     | Reached skill level 8 in Fighting
 27564 | D:15     | Noticed Agnes
 27584 | D:15     | Killed Agnes
 27842 | Lair:1   | Upgraded the game from 0.18-a0-1497-g788d838 to 0.18-a0-1507-g69458e0
 27852 | Lair:1   | Identified the +0 shield of Vlad {MR+ Int+2} (Okawaru gifted it to you on level 15 of the Dungeon)
 27963 | Spider:1 | Entered Level 1 of the Spider Nest
 27978 | Spider:1 | Reached skill level 2 in Throwing
 28020 | Spider:1 | Noticed Louise
 28041 | Spider:1 | Killed Louise
 28496 | Spider:1 | Got a twisted large shield
 28625 | Spider:1 | Received a gift from Okawaru
 28626 | Spider:1 | Got a pitted lajatang {god gift}
 28641 | Spider:1 | Identified the +1 lajatang "Xuogi" {speed, *Rage rC++ Stlth+} (Okawaru gifted it to you on level 1 of the Spider Nest)
 28659 | Spider:1 | Noticed Frances
 28687 | Spider:1 | Killed Frances
 28687 | Spider:1 | Reached skill level 9 in Fighting
 28687 | Spider:1 | Reached skill level 3 in Throwing
 28928 | Spider:2 | Received a gift from Okawaru
 28934 | Spider:2 | Gained mutation: You have very sharp fingernails. [demonic ancestry]
 28934 | Spider:2 | Reached XP level 17. HP: 108/126 MP: 23/23
 29300 | Spider:2 | Got a dazzling ring mail
 29410 | Spider:2 | Reached skill level 4 in Throwing
 29742 | Lair:4   | Identified the +4 ring mail "Asaufoel" {rCorr} (You found it on level 2 of the Spider Nest)
 29758 | Lair:4   | Identified the +4 large shield of the Wasteland {rC+ Str+3} (You took it off Louise on level 1 of the Spider Nest)
 30205 | Spider:3 | Received a gift from Okawaru
 30218 | Spider:3 | Got a bloodstained quarterstaff {god gift}
 30219 | Spider:3 | Identified the +6 quarterstaff of Virtue {freeze, rN+ Int+3} (Okawaru gifted it to you on level 3 of the Spider Nest)
 30394 | Spider:3 | Reached skill level 5 in Throwing
 30523 | Spider:3 | Reached skill level 14 in Dodging
 30979 | Spider:4 | Entered Level 4 of the Spider Nest
 31064 | Spider:4 | Reached skill level 10 in Fighting
 31332 | Spider:4 | Received a gift from Okawaru
 31591 | Spider:4 | Reached skill level 6 in Throwing
 31823 | Spider:4 | HP: 29/130 [wolf spider (17)]
 31848 | Spider:4 | Got a gossamer rune of Zot
 31992 | Spider:4 | Noticed Kirke
 32015 | Spider:4 | Killed Kirke
 32015 | Spider:4 | Received a gift from Okawaru
 32160 | Spider:4 | Reached skill level 7 in Throwing
 32173 | Spider:4 | Received a gift from Okawaru
 32186 | Spider:4 | Noticed Asterion
 32201 | Spider:4 | Killed Asterion
 32201 | Spider:4 | Reached skill level 11 in Fighting
 32319 | Spider:4 | HP: 23/131 [disintegration (27)]
 32328 | Spider:3 | HP: 39/131 [poisoned by a redback]
 32333 | Spider:3 | HP: 34/131 [poisoned by a redback]
 32338 | Spider:3 | HP: 33/131 [poisoned by a redback]
 32343 | Spider:3 | HP: 33/131 [poisoned by a redback]
 32348 | Spider:3 | HP: 37/131 [poisoned by a redback]
 32353 | Spider:3 | HP: 39/131 [poisoned by a redback]
 32855 | Swamp:1  | Entered Level 1 of the Swamp
 33076 | Swamp:1  | Learned a level 1 spell: Apportation
 33279 | Swamp:1  | Gained mutation: You have hooves in place of feet. [demonic ancestry]
 33279 | Swamp:1  | Reached XP level 18. HP: 70/138 MP: 24/24
 33586 | Swamp:1  | Received a gift from Okawaru
 33638 | Swamp:1  | Reached skill level 15 in Dodging
 33981 | Swamp:2  | Reached skill level 8 in Throwing
 34023 | Swamp:2  | Received a gift from Okawaru
 34511 | Swamp:2  | Got a translucent leather armour
 34695 | Swamp:2  | Reached skill level 12 in Fighting
 34784 | Swamp:2  | Identified the cursed +0 leather armour of Daxoy {rN+} (You found it on level 2 of the Swamp)
 35754 | Swamp:4  | Entered Level 4 of the Swamp
 35781 | Swamp:4  | Received a gift from Okawaru
 35835 | Swamp:4  | Reached skill level 9 in Throwing
 36379 | Swamp:4  | Got a decaying rune of Zot
 36653 | Swamp:4  | Received a gift from Okawaru
 36654 | Swamp:4  | Got a brightly glowing glaive {god gift}
 36713 | Lair:3   | Identified the +4 glaive of Honour {chop, *Rage MR+++ Int+10} (Okawaru gifted it to you on level 4 of the Swamp)
 36798 | Lair:1   | Learned a level 2 spell: Blink
 36888 | Vaults:1 | Entered Level 1 of the Vaults
 37182 | Vaults:1 | Reached skill level 13 in Fighting
 37204 | Vaults:1 | Received a gift from Okawaru
 37221 | Vaults:1 | Reached skill level 10 in Throwing
 37258 | Vaults:1 | Reached skill level 1 in Charms
 37264 | Vaults:1 | Reached skill level 1 in Spellcasting
 37276 | Vaults:1 | Reached skill level 1 in Air Magic
 37290 | Vaults:1 | Gained mutation: You have a pair of large horns on your head. [demonic ancestry]
 37290 | Vaults:1 | Reached XP level 19. HP: 149/149 MP: 25/25
 37343 | Vaults:1 | Found Laptira's General Store.
 37898 | Vaults:1 | Received a gift from Okawaru
 37898 | Vaults:1 | Reached skill level 2 in Charms
 37990 | Vaults:1 | Reached skill level 2 in Air Magic
 37998 | Vaults:1 | Reached skill level 2 in Spellcasting
 38563 | Vaults:2 | Reached skill level 16 in Dodging
 38563 | Vaults:2 | Reached skill level 3 in Charms
 38571 | Vaults:2 | Received a gift from Okawaru
 38684 | Vaults:2 | Received a gift from Okawaru
 38684 | Vaults:2 | Reached skill level 3 in Air Magic
 38802 | Vaults:2 | Reached skill level 3 in Spellcasting
 38993 | Vaults:2 | Reached skill level 4 in Charms
 39043 | Vaults:2 | Reached skill level 4 in Air Magic
 39135 | Vaults:2 | Reached skill level 4 in Spellcasting
 39278 | Vaults:2 | Reached skill level 14 in Fighting
 39301 | Vaults:2 | Received a gift from Okawaru
 39410 | Vaults:2 | Reached skill level 5 in Charms
 39417 | Vaults:2 | Received a gift from Okawaru
 39846 | Vaults:2 | Reached skill level 5 in Air Magic
 39849 | Vaults:2 | Received a gift from Okawaru
 40080 | D:14     | Gained mutation: You are resistant to hostile enchantments. [potion of beneficial mutation]
 40229 | Vaults:3 | Received a gift from Okawaru
 40322 | Vaults:3 | Reached skill level 1 in Translocations
 40330 | Vaults:3 | Received a gift from Okawaru
 40330 | Vaults:3 | Reached skill level 5 in Spellcasting
 40333 | Vaults:3 | Reached XP level 20. HP: 83/159 MP: 27/27
 40497 | Vaults:3 | Reached skill level 2 in Translocations
 40872 | Vaults:3 | Received a gift from Okawaru
 40878 | Vaults:3 | Got a translucent chain mail {god gift}
 40895 | Vaults:3 | Reached skill level 3 in Translocations
 40940 | Vaults:3 | Reached skill level 6 in Air Magic
 41014 | Vaults:3 | Noticed a bone dragon
 41044 | Vaults:3 | Killed a bone dragon
 41051 | Vaults:3 | Found a staircase to the Crypt.
 41109 | Vaults:3 | Reached skill level 6 in Spellcasting
 41552 | Vaults:3 | Reached skill level 4 in Translocations
 41652 | Vaults:3 | Got a polished plate armour
 41731 | Vaults:3 | Identified the +3 plate armour of the Komodo Dragon {rElec rPois Regen+ Dex+2} (You found it on level 3 of the Vaults)
 42003 | D:14     | Identified the +1 chain mail "Ujeusu" {+Blink Int+4} (Okawaru gifted it to you on level 3 of the Vaults)
 42148 | Vaults:3 | Received a gift from Okawaru
 42191 | Vaults:4 | Received a gift from Okawaru
 42294 | Vaults:4 | Noticed Saint Roka
 42322 | Vaults:4 | Killed Saint Roka
 42322 | Vaults:4 | Reached skill level 7 in Air Magic
 42473 | Vaults:4 | Reached skill level 7 in Spellcasting
 42473 | Vaults:4 | Reached skill level 5 in Translocations
 42623 | Vaults:4 | Received a gift from Okawaru
 42624 | Vaults:4 | Got a polished quarterstaff {god gift}
 42647 | Vaults:4 | Identified the +3 quarterstaff of Shame {crush, Int-4 Dex+3 Stlth+} (Okawaru gifted it to you on level 4 of the Vaults)
 42856 | Vaults:4 | Paralysed by a sphinx for 3 turns
 42984 | Vaults:4 | Reached skill level 15 in Fighting
 42991 | Vaults:4 | Gained mutation: You have claws for hands. [demonic ancestry]
 42991 | Vaults:4 | Reached XP level 21. HP: 168/168 MP: 30/32
 43013 | Vaults:4 | Reached skill level 17 in Dodging
 43164 | Vaults:4 | Received a gift from Okawaru
 43241 | Vaults:4 | Reached skill level 6 in Translocations
 43674 | Lair:1   | Learned a level 6 spell: Freezing Cloud
 43959 | Crypt:1  | Entered Level 1 of the Crypt
 43990 | Crypt:1  | Reached skill level 8 in Spellcasting
 44260 | Crypt:1  | Reached skill level 1 in Ice Magic
 44270 | Crypt:1  | Reached skill level 1 in Conjurations
 44580 | Crypt:1  | Noticed Wiglaf
 44590 | Crypt:1  | Killed Wiglaf
 44616 | Crypt:1  | Reached skill level 2 in Conjurations
 44616 | Crypt:1  | Reached skill level 2 in Ice Magic
 44629 | Crypt:1  | Identified Hohus's Collected Works on Supportive Sinister Rituals (You found it on level 1 of the Crypt)
 45134 | Crypt:2  | Learned a level 3 spell: Spectral Weapon
 45167 | Crypt:2  | Reached skill level 1 in Hexes
 45383 | Crypt:2  | Noticed Jory
 45394 | Crypt:2  | Killed Jory
 45394 | Crypt:2  | Reached skill level 2 in Hexes
 45405 | Crypt:2  | Learned a level 3 spell: Regeneration
 45545 | Crypt:2  | Reached skill level 9 in Spellcasting
 45760 | Crypt:2  | Reached skill level 3 in Hexes
 45895 | Crypt:2  | Received a gift from Okawaru
 46358 | Crypt:3  | Entered Level 3 of the Crypt
 46498 | Crypt:3  | Reached skill level 4 in Hexes
 46499 | Crypt:3  | Found a basalt altar of Yredelemnul.
 46638 | Crypt:3  | Reached skill level 5 in Hexes
 46795 | Crypt:3  | Received a gift from Okawaru
 46901 | Crypt:3  | Reached skill level 6 in Hexes
 47011 | Crypt:3  | Received a gift from Okawaru
 47142 | Crypt:3  | Got a jewelled dagger
 47143 | Crypt:3  | Identified the +2 dagger of Gozag's Indignation {freeze, rC+ Str+2} (You found it on level 3 of the Crypt)
 47338 | Crypt:3  | Noticed a profane servitor
 47351 | Crypt:3  | Killed a profane servitor
 47377 | Crypt:3  | Identified the Incunabulum of the Seven Places
 47380 | Crypt:3  | Learned a level 1 spell: Summon Butterflies
 47389 | Crypt:3  | Got a scorched ivory ring
 47389 | Crypt:3  | Got a flickering amber ring
 47389 | Crypt:3  | Got a smoking golden ring
 47405 | Crypt:3  | Identified the ring of Vumeafal {rC+ rN+ Str+2 Dex+5} (You found it on level 3 of the Crypt)
 47407 | Crypt:3  | Identified the ring "Sibluph" {rF+ rN+} (You found it on level 3 of the Crypt)
 47409 | Crypt:3  | Identified the ring of Xegieha {*Confuse rN+ MR+ Str+2 Dex+4} (You found it on level 3 of the Crypt)
 47441 | Crypt:3  | Received a gift from Okawaru
 47500 | Crypt:3  | Reached skill level 7 in Hexes
 47501 | Crypt:3  | Reached skill level 10 in Spellcasting
 47555 | Crypt:3  | Reached skill level 1 in Necromancy
 47584 | Crypt:3  | Gained mutation: You are somewhat able to resist unholy torments (1 in 2 success). [demonic ancestry]
 47584 | Crypt:3  | Reached XP level 22. HP: 166/175 MP: 33/36
 47673 | Crypt:3  | Reached skill level 2 in Necromancy
 47805 | Crypt:3  | Found a staircase to the Tomb.
 48136 | Crypt:3  | Identified the Catalogue of Necromancy (You found it on level 3 of the Crypt)
 48269 | Crypt:3  | Reached skill level 3 in Necromancy
 48634 | Lair:1   | Learned a level 2 spell: Sublimation of Blood
 48942 | Elf:1    | Entered Level 1 of the Elven Halls
 49058 | Elf:1    | Reached skill level 1 in Summonings
 49282 | Elf:1    | Reached skill level 2 in Summonings
 49315 | Elf:1    | Found Ucwol's Gadget Boutique.
 49393 | Elf:1    | Reached skill level 18 in Dodging
 49419 | Elf:1    | Reached skill level 4 in Necromancy
 50004 | Elf:2    | Received a gift from Okawaru
 50078 | Elf:2    | Reached skill level 3 in Summonings
 50097 | Elf:2    | Reached skill level 5 in Necromancy
 50260 | Elf:2    | Found a runed gate.
 50260 | Elf:2    | Found a runed gate.
 50261 | Elf:2    | Found a runed gate.
 50285 | Elf:2    | Reached skill level 4 in Summonings
 50530 | Elf:2    | Noticed Azrael
 50537 | Elf:2    | Killed Azrael
 50547 | Elf:2    | Reached skill level 6 in Necromancy
 50644 | Elf:2    | Reached skill level 11 in Spellcasting
 51008 | Elf:3    | Entered Level 3 of the Elven Halls
 51023 | Elf:3    | Reached skill level 5 in Summonings
 51247 | Elf:3    | Reached skill level 3 in Conjurations
 51257 | Elf:3    | Reached skill level 3 in Ice Magic
 51791 | Elf:3    | Reached skill level 4 in Conjurations
 52086 | Elf:3    | Received a gift from Okawaru
 52261 | Elf:3    | Reached skill level 4 in Ice Magic
 52448 | Elf:3    | Received a gift from Okawaru
 52518 | Elf:3    | Received a gift from Okawaru
 52519 | Elf:3    | Got a shimmering scale mail {god gift}
 52528 | Elf:3    | Reached skill level 5 in Conjurations
 52550 | Elf:3    | Reached XP level 23. HP: 126/181 MP: 35/38
 52823 | Elf:3    | Got a transparent wooden ring
 52881 | Elf:3    | Got a jewelled large shield
 53057 | Elf:3    | Identified the Handbook of Supportive Ice
 53079 | Elf:3    | Identified the ring of the Two Names {+Blink rF+ Str-3 Int+6 Stlth+} (You took it off a deep elf sorcerer on level 3 of the Elven Halls)
 53129 | Elf:3    | Reached skill level 5 in Ice Magic
 53142 | Elf:3    | Reached skill level 12 in Spellcasting
 53242 | Elf:3    | Reached skill level 6 in Conjurations
 53292 | Elf:3    | Identified the +1 scale mail of Gluttony {Str+8} (Okawaru gifted it to you on level 3 of the Elven Halls)
 53345 | Elf:3    | Identified the +6 large shield "Zuqugiv" {rC+ Str+3} (You took it off a deep elf high priest on level 3 of the Elven Halls)
 53400 | Elf:3    | Identified a scroll of acquirement
 54048 | Depths:1 | Entered Level 1 of the Depths
 54096 | Depths:1 | Found Ohaipime's Food Shoppe.
 54182 | Depths:1 | Found a gateway to a ziggurat.
 54221 | Depths:1 | Noticed Sojobo
 54239 | Depths:1 | Killed Sojobo
 54239 | Depths:1 | Reached skill level 6 in Ice Magic
 54243 | Depths:1 | Reached skill level 7 in Conjurations
 54248 | Depths:1 | Reached skill level 19 in Dodging
 54269 | Depths:1 | Noticed Mara
 54280 | Depths:1 | Killed Mara
 54290 | Depths:1 | Found a magical portal.
 54314 | WizLab   | Entered Lehudib's Moon Base
 54519 | WizLab   | Reached skill level 7 in Ice Magic
 54555 | WizLab   | Reached skill level 8 in Conjurations
 54610 | WizLab   | Received a gift from Okawaru
 54613 | WizLab   | Cast into level 4 of the Abyss (a distortion unwield)
 54643 | WizLab   | Escaped the Abyss
 54651 | WizLab   | Reached skill level 1 in Stealth
 55407 | WizLab   | Identified the Disquisition on Venomous Earth
 55494 | WizLab   | Reached skill level 8 in Ice Magic
 55518 | WizLab   | Got a flickering lead ring
 55522 | WizLab   | Identified the ring of Ojeaschi {rCorr MR+ Str-2 Dex+2 SInv} (You found it in a wizard's laboratory)
 55551 | WizLab   | Reached skill level 8 in Air Magic
 55559 | WizLab   | Identified Lehudib's Disquisition on the Ashen Traveller
 55666 | Depths:1 | Reached skill level 9 in Conjurations
 55684 | Depths:1 | Found a gateway to Hell.
 55747 | Depths:1 | Received a gift from Okawaru
 55748 | Depths:1 | Got a pitted long sword {god gift}
 55877 | Depths:1 | Got an iridescent quarterstaff {freeze}
 55878 | Depths:1 | Identified the cursed +1 quarterstaff of the Eight Nights {freeze, MR+} (You took it off a boggart on level 1 of the Depths)
 56515 | Depths:2 | Found a sparkling altar of Nemelex Xobeh.
 56528 | Depths:2 | Reached XP level 24. HP: 188/188 MP: 39/39
 56557 | Depths:2 | Got a dazzling plate armour
 57124 | Depths:2 | Found a one-way gate to the infinite horrors of the Abyss.
 57215 | Depths:2 | Identified the cursed +1 plate armour "Appotaz" {rElec MR+} (You found it on level 2 of the Depths)
 57234 | Depths:3 | Received a gift from Okawaru
 57359 | Depths:3 | Reached skill level 10 in Conjurations
 57359 | Depths:3 | Reached skill level 9 in Air Magic
 57462 | Depths:3 | Found a one-way gate leading to the halls of Pandemonium.
 57486 | Depths:3 | Reached skill level 9 in Ice Magic
 57798 | Depths:3 | Received a gift from Okawaru
 58189 | Depths:3 | Got a bloodstained blowgun
 58191 | Depths:3 | Identified the Volume of Attacks and Curses
 58194 | Depths:3 | Identified the +7 blowgun of the Forgotten Orbs {evade, rElec Int+3} (You found it on level 3 of the Depths)
 58369 | Depths:4 | Noticed Frederick
 58390 | Depths:3 | Killed Frederick
 59017 | Depths:4 | Found a corrupted altar of Lugonu.
 59167 | Depths:4 | Found a glowing golden altar of the Shining One.
 59498 | Depths:4 | Reached skill level 11 in Conjurations
 59569 | Depths:4 | Reached skill level 10 in Ice Magic
 59863 | Depths:5 | Entered Level 5 of the Depths
 59898 | Depths:5 | Reached skill level 10 in Air Magic
 60096 | Depths:5 | Received a gift from Okawaru
 60202 | Depths:5 | Received a gift from Okawaru
 60208 | Depths:5 | Found a gate to the Realm of Zot.
 60430 | Depths:5 | Reached XP level 25. HP: 160/194 MP: 34/39
 60595 | Depths:5 | Reached skill level 17 in Armour
 61591 | Vaults:5 | Entered Level 5 of the Vaults
 61613 | Vaults:4 | Reached skill level 12 in Conjurations
 61624 | Vaults:4 | Reached skill level 11 in Ice Magic
 61712 | Vaults:4 | Received a gift from Okawaru
 61720 | Vaults:4 | Reached skill level 11 in Air Magic
 61800 | Vaults:4 | Received a gift from Okawaru
 62134 | Vaults:4 | HP: 56/194 [stone giant (30)]
 62139 | Vaults:4 | HP: 56/194 [yaktaur/bolt[a yaktaur captain] (8)]
 62436 | Vaults:5 | Found Hoselyg's Assorted Antiques.
 62474 | Vaults:5 | Received a gift from Okawaru
 62634 | Vaults:5 | Reached skill level 13 in Conjurations
 62682 | Vaults:5 | Got a silver rune of Zot
 62684 | Vaults:5 | Identified the Catalogue of Battle Magic
 62748 | Vaults:4 | Got a glittering tin ring
 62790 | Vaults:5 | Reached skill level 12 in Ice Magic
 62892 | Vaults:5 | Received a gift from Okawaru
 62918 | Vaults:5 | Identified the ring of Juugor {rPois rN+ AC+4 Str-2} (You took it off a deep elf annihilator on level 4 of the Vaults)
 63065 | Vaults:5 | Reached skill level 12 in Air Magic
 63575 | Vaults:5 | Identified Geghun's Collected Works on Battle Magic and Air
 63871 | Vaults:5 | Got a steaming cloak
 63882 | Vaults:5 | Identified the cursed -2 cloak of the Harvest {rElec Int+2} (You found it on level 5 of the Vaults)
 63912 | Vaults:5 | Identified Asseg's Collected Works on Good Luck (You found it on level 5 of the Vaults)
 63916 | Vaults:5 | Learned a level 2 spell: Song of Slaying
 63919 | Vaults:5 | Learned a level 2 spell: Swiftness
 64507 | Vaults:5 | Reached XP level 26. HP: 193/201 MP: 37/39
 64990 | Slime:1  | Entered Level 1 of the Pits of Slime
 65030 | Slime:1  | Received a gift from Okawaru
 65201 | Slime:5  | Reached skill level 18 in Armour
 65208 | Slime:6  | Entered Level 6 of the Pits of Slime
 65536 | Slime:6  | Reached skill level 14 in Conjurations
 65579 | Slime:6  | Received a gift from Okawaru
 65582 | Slime:6  | --at last Oka: lajatang of speed!
 65694 | Slime:6  | Reached skill level 13 in Ice Magic
 65932 | Slime:6  | Noticed the Royal Jelly
 65956 | Slime:6  | Killed the Royal Jelly
 65956 | Slime:6  | Reached skill level 13 in Air Magic
 65993 | Slime:6  | Received a gift from Okawaru
 66038 | Slime:6  | Got a slimy rune of Zot
 66233 | Slime:6  | Got a brightly glowing wooden ring
 66246 | Slime:6  | Identified the ring of Pacs {Wiz rC+ Str+4} (You found it on level 6 of the Pits of Slime)
 66920 | Orc:2    | Bought a book of Enchantments for 700 gold pieces
 66927 | Orc:2    | Learned a level 6 spell: Haste
 67020 | Lair:1   | Learned a level 2 spell: Ensorcelled Hibernation
 67024 | Lair:1   | Learned a level 3 spell: Confuse
 67341 | Zot:1    | Entered Level 1 of the Realm of Zot
 67466 | Zot:1    | Received a gift from Okawaru
 67467 | Zot:1    | Got a faintly humming crystal plate armour {god gift}
 67468 | Zot:1    | Identified the +0 crystal plate armour "Henleg" {MR+ Int+4 Dex-4} (Okawaru gifted it to you on level 1 of the Realm of Zot)
 67990 | Zot:1    | Reached skill level 15 in Conjurations
 68446 | Zot:1    | Reached skill level 14 in Ice Magic
 68498 | Zot:2    | Reached skill level 14 in Air Magic
 69348 | Zot:2    | Received a gift from Okawaru
 69348 | Zot:2    | Reached skill level 6 in Charms
 69581 | Zot:2    | Gained mutation: Your melee attacks may debilitate your foes. [demonic ancestry]
 69581 | Zot:2    | Reached XP level 27. HP: 207/207 MP: 36/39
 69678 | Zot:2    | Reached skill level 7 in Charms
 69708 | Zot:2    | Received a gift from Okawaru
 69748 | Zot:2    | Reached skill level 2 in Stealth
 69891 | Zot:2    | Reached skill level 3 in Stealth
 69894 | Zot:2    | Reached skill level 8 in Charms
 70071 | Zot:3    | Reached skill level 4 in Stealth
 70081 | Zot:3    | Reached skill level 9 in Charms
 70190 | Zot:3    | Reached skill level 5 in Stealth
 70291 | Zot:3    | Reached skill level 10 in Charms
 70319 | Zot:3    | Noticed an ancient lich
 70324 | Zot:3    | Killed an ancient lich
 70405 | Zot:3    | Reached skill level 6 in Stealth
 70475 | Zot:3    | Noticed an orb of fire
 70483 | Zot:3    | Killed an orb of fire
 70483 | Zot:3    | Reached skill level 11 in Charms
 70662 | Zot:3    | Reached skill level 7 in Stealth
 70905 | Zot:3    | Learned a level 3 spell: Portal Projectile
 70929 | Zot:3    | Reached skill level 12 in Charms
 70946 | Zot:3    | Received a gift from Okawaru
 71003 | Zot:3    | Reached skill level 8 in Stealth
 71424 | Zot:3    | Upgraded the game from 0.18-a0-1507-g69458e0 to 0.18-a0-1514-g6ed9364
 71526 | Zot:4    | Received a gift from Okawaru
 71627 | Zot:4    | Reached skill level 13 in Charms
 71719 | Zot:4    | Received a gift from Okawaru
 71841 | Zot:4    | Reached skill level 9 in Stealth
 71985 | Zot:4    | Received a gift from Okawaru
 71986 | Zot:4    | Got an ichor-stained robe {god gift}
 72063 | Zot:4    | Reached skill level 14 in Charms
 72154 | Zot:4    | Reached skill level 10 in Stealth
 72714 | Lair:1   | Learned a level 4 spell: Airstrike
 72923 | Depths:2 | Voluntarily entered the Abyss.
 73287 | Abyss:1  | Found a corrupted altar of Lugonu.
 73516 | Abyss:2  | Reached skill level 1 in Evocations
 73588 | Abyss:2  | Reached skill level 2 in Evocations
 73872 | Abyss:3  | Reached skill level 3 in Evocations
 73874 | Abyss:3  | Got an abyssal rune of Zot
 73915 | Abyss:4  | Found a shattered altar of Ashenzari.
 73915 | Abyss:4  | Found an opulent altar of Gozag.
 73915 | Abyss:4  | Found a white marble altar of Elyvilon.
 73915 | Abyss:4  | Found a glowing silver altar of Zin.
 73915 | Abyss:4  | Found a stormy altar of Qazlal.
 73915 | Abyss:4  | Found a glowing golden altar of the Shining One.
 73915 | Abyss:4  | Found a deep blue altar of Sif Muna.
 73915 | Abyss:4  | Found a burning altar of Makhleb.
 73915 | Abyss:4  | Found a basalt altar of Yredelemnul.
 73926 | Abyss:4  | Found a sparkling altar of Nemelex Xobeh.
 73926 | Abyss:4  | Found a blossoming altar of Fedhas.
 73926 | Abyss:4  | Found a snail-covered altar of Cheibriados.
 73928 | Abyss:4  | Found a bloodstained altar of Trog.
 73928 | Abyss:4  | Found an iron altar of Okawaru.
 73928 | Abyss:4  | Found an ancient bone altar of Kikubaaqudgha.
 73930 | Abyss:4  | Found a radiant altar of Vehumet.
 73930 | Abyss:4  | Found a shadowy altar of Dithmenos.
 73930 | Abyss:4  | Found a shimmering altar of Xom.
 74024 | Depths:2 | Escaped the Abyss
 74128 | Pan      | Entered Pandemonium
 74171 | Pan      | Reached skill level 4 in Evocations
 74186 | Pan      | Noticed Huitty the pandemonium lord
 74219 | Pan      | Killed Huitty the pandemonium lord
 74474 | Pan      | Reached skill level 5 in Evocations
 74595 | Pan      | Noticed Geanautomp the pandemonium lord
 74619 | Pan      | Killed Geanautomp the pandemonium lord
 74619 | Pan      | Reached skill level 11 in Throwing
 74686 | Pan      | Received a gift from Okawaru
 74807 | Pan      | Reached skill level 6 in Evocations
 74991 | Pan      | Received a gift from Okawaru
 74992 | Pan      | Got a brightly glowing quarterstaff {god gift}
 74993 | Pan      | Identified the +6 quarterstaff "Diraqikh" {crush, Str+3 Int+4} (Okawaru gifted it to you in Pandemonium)
 74996 | Pan      | Noticed Xejoqar the pandemonium lord
 75115 | Pan      | Reached skill level 7 in Evocations
 75165 | Depths:3 | Escaped Pandemonium
 75172 | Pan      | Entered Pandemonium
 75216 | Pan      | Found an exit through the horrors of the Abyss.
 75239 | Pan      | Noticed Umiurr the pandemonium lord
 75246 | Pan      | Paralysed by Umiurr for 3 turns
 75264 | Pan      | Killed Umiurr the pandemonium lord
 75319 | Pan      | Reached skill level 12 in Throwing
 75333 | Pan      | Reached skill level 19 in Armour
 75333 | Pan      | Reached skill level 8 in Evocations
 75416 | Pan      | Received a gift from Okawaru
 75445 | Pan      | Gained mutation: Scrolls take you a little longer to read. [a cacodemon]
 75465 | Pan      | Received a gift from Okawaru
 75474 | Pan      | Noticed Dosh the pandemonium lord
 75505 | Pan      | Killed Dosh the pandemonium lord
 75505 | Pan      | Received a gift from Okawaru
 75505 | Pan      | Reached skill level 9 in Evocations
 75618 | Pan      | Got a demonic rune of Zot
 75630 | Pan      | Found a white marble altar of Elyvilon.
 75652 | Pan      | HP: 53/207 [apis (30)]
 75697 | Pan      | Received a gift from Okawaru
 75698 | Pan      | Got a twisted cloak {god gift}
 75709 | Pan      | Identified the +2 cloak of Levity {rPois} (Okawaru gifted it to you in Pandemonium)
 75945 | Pan      | HP: 51/207 [hellion/burst of hellfire (32)]
 75946 | Pan      | Killed from afar by a hellion

Vault maps used:
D:1:      eino_arrival_water_star, minmay_gold_behind_fungi,
          serial_bayou_pond_a, minmay_cupped
D:2:      first_bread, minmay_misc_feat_alley
D:3:      lemuel_castle_with_subvaults
D:4:      serial_shops, kennysheep_mini_moat, portal_sewer_entry_f,
          minmay_misc_feat_iff, item_on_display_a
D:5:      minmay_parallelograms, grunt_pakellas_mercury, uniq_sigmund,
          uniq_blork_the_orc, uniq_pikel
D:6:      uniq_grinder, uniq_eustachio
D:7:      temple_fountains, serial_shops, nicolae_shop_stone, uniq_duvessa
D:8:      grunt_temple_overflow_order_and_chaos_1,
          nicolae_overflow_crystal_walls, hangedman_little_slice_of_home,
          uniq_erica, uniq_maurice
D:9:      minmay_twisted_water, grunt_temple_overflow_open, special_room,
          lightli_church_of_beogh
D:10:     grunt_lair_entry_orc_guard_hut, hiddenorc1_lemuel,
          minmay_misc_feat_nine_boxes, roderic_filled_cross,
          minmay_hollow_rounded_squares
D:11:     serial_shops, shop
D:12:     trove_entry_hex_spiral, uniq_snorg
D:14:     david_vaults_3, kennysheep_flooded_box, lab_entry_generic
D:15:     hangedman_depths_entry_try_elsewhere_first, uniq_agnes
Temple:   circular_temple_12
Lair:1:   beast_lair_carwin_10, grunt_megastairs_3
Lair:2:   special_room, grunt_megastairs_1, lemuel_fruit_tree
Lair:3:   minmay_swamp_entry_swarm, forest_entry_grove, uniq_urug
Lair:4:   spider_nest_entry_rubble
Lair:5:   minivault_11, uniq_rupert
Lair:6:   infiniplex_staircase_pool
Lair:7:   serial_bayou_shore_b
Lair:8:   hangedman_lair_tendril_chambers, guppyfry_lair_end_dragon,
          minmay_slime_entry_oklob_open
Swamp:1:  cheibrodos_swamp_heart_of_darkness, wheals_swamp_sinkhole
Swamp:2:  cheibrodos_swamp_tower_of_moss, evilmike_swamp_ruin_house_3,
          infiniplex_staircase_pool_2
Swamp:3:  evilmike_swamp_ruin_house_2, swamp_pool3
Swamp:4:  swamp_alternative, swamp_pool1
Spider:1: uniq_frances, uniq_louise
Spider:2: spider_trap
Spider:3: hangedman_spider_tarantella_strand
Spider:4: spider_rune_water, uniq_kirke, uniq_asterion
Slime:5:  nicolae_slime_barrier
Orc:1:    cheibrodos_orc_bank, uniq_josephine
Orc:2:    grunt_orc_cross, nicolae_volcano_entry_hallway, basic_altar
Elf:1:    eino_elf_arrival_customs, serial_shops, shop, evilmike_minifort,
          minivault_14, minivault_25, spider_trap, moated_statue
Elf:2:    uniq_azrael
Elf:3:    elf_hall_gauntlet_wide, patterned_corridor
Vaults:1: vaults_room_door_ring, hangedman_vaults_trim, v_rooms_6,
          dpeg_vaults_monster_box, grunt_vaults_twisty, serial_ice_m,
          nicolae_vaults_display_case, grunt_vaults_hallway_short,
          nicolae_vaults_little_squares_4, serial_shops,
          nicolae_shop_statue_plus
Vaults:2: hangedman_vaults_corner, vaults_standard_mumra_x,
          ontoclasm_vaults_pinch, vaults_mumra_minichess, vaults_dpeg_ring,
          v_alt_pattern_2, sword_in_stone, vaults_mumra_lcd, v_misc_30,
          v_pattern_2, ontoclasm_vaults_gateway,
          ontoclasm_vaults_decontamination, serial_ice_g
Vaults:3: hangedman_vaults_slice, v_alt_pattern_4,
          minmay_crypt_entry_nasty_monster, hangedman_vaults_locks,
          ontoclasm_vaults_hangar, nicolae_vaults_little_squares_3, v_misc_15,
          dpeg_vaults_waves, hangedman_vaults_trim,
          vaults_standard_mumra_enter_the_diamond,
          vaults_standard_mumra_enter_the_diamond, grunt_vaults_diagonal,
          nicolae_vaults_theta, vaults_room_pool, nicolae_vaults_sealed_display
Vaults:4: nicolae_vaults_circle_grid_a, hangedman_vaults_restitches, v_rooms_1,
          vaults_room_ringed_pool, v_misc_9, vaults_mumra_chevron, v_misc_10,
          ontoclasm_vaults_ring_square, nicolae_vaults_mini_display_case,
          vaults_room_hangedman_quadrants, uniq_saint_roka
Vaults:5: serial_shops
Crypt:1:  minmay_strange_pillars, minivault_14, hex_medium, uniq_wiglaf
Crypt:2:  uniq_jory
Crypt:3:  evilmike_haunted_forest
Depths:1: enter_ziggurat_b, infiniplex_enter_wizlab_glasses,
          hangedman_geh_valley, corexii_corridor_pit, serial_shops,
          nicolae_shop_waterfront, minmay_protected_statue, uniq_sojobo,
          uniq_mara
Depths:2: kennysheep_six_static_rooms, hell_entry, minmay_crystal_water,
          abyss_entry, nemelex_deck, infiniplex_staircase_hallway_doors
Depths:3: dpeg_oklob_gauntlet, serial_curves, eino_curves_01, eino_curves_03,
          pan_entry, minmay_misc_feat_cross, hell_entry,
          roderic_serpentine_path, minmay_misc_feat_secret_circle,
          abandoned_shop, due_unseen_surprise
Depths:4: nicolae_whirlpool, hellmouth_3, pan_entry, nrook_mini_vaults,
          abyss_entry_flame_altar, kennysheep_big_empty_room, tso_altar,
          uniq_frederick
Depths:5: grunt_zot_entry_bicorn, hangedman_coc_ice_floe, minmay_hedge_maze,
          basic_stair_grate_trap
Zot:2:    nicolae_moth_party
Zot:3:    nicolae_zot_stationary_front, hangedman_player_shredder,
          basic_stair_grate_trap
Zot:4:    lemuel_acid_trip
Abyss:3:  evilmike_abyss_rune_tentacle_tunnel
Abyss:4:  evilmike_abyss_rune_curve, evilmike_abyss_exit_glass,
          evilmike_abyss_exit_vortex, abyss_greek_temple
Pan:      evilmike_mini_pan_layers, evilmike_mini_pan_doors_b,
          pan_blood_fountain, nicolae_pan_hourglass, pan_blood_fountain_small,
          evilmike_mini_pan_corridor, evilmike_mini_pan_layers,
          evilmike_holy_pan, lemuel_hellion_island
Lab:      labyrinth_watery
Trove:    trove_jewel_2
Sewer:    sewer_big_baddie
Volcano:  volcano_grotto
WizLab:   wizlab_lehudib

Skill      XL: |  1  2  3  4  5  6  7  8  9 10 11 12 13 14 15 16 17 18 19 20 21 22 23 24 25 26 27 |
---------------+----------------------------------------------------------------------------------+-----
Long Blades    | 3 4 5 6 7 8 |  8.8
Fighting       | 3 4 9 11 13 14 15 | 15.0
Armour         | 1 2 3 5 7 8 9 11 13 14 16 17 18 19 | 19.4
Staves         | 3 6 9 12 14 | 14.0
Invocations    | 2 8 |  8.0
Dodging        | 5 9 11 13 14 15 16 17 18 19 | 19.5
Throwing       | 3 7 10 12 | 12.0
Charms         | 1 5 6 14 | 14.5
Spellcasting   | 1 5 7 10 11 12 | 12.0
Air Magic      | 1 5 7 8 10 12 14 | 14.1
Translocations | 1 5 6 |  6.1
Ice Magic      | 2 4 8 10 12 14 | 14.0
Conjurations   | 2 5 9 11 13 15 | 15.6
Hexes          | 7 |  7.0
Necromancy     | 1 6 |  6.2
Summonings     | 5 |  5.0
Stealth        | 1 10 | 10.0
Evocations     | 9 |  9.8

Action                   |  1- 3 |  4- 6 |  7- 9 | 10-12 | 13-15 | 16-18 | 19-21 | 22-24 | 25-27 || total
-------------------------+-------+-------+-------+-------+-------+-------+-------+-------+-------++-------
Melee: Long sword        |   134 |   193 |   245 |       |       |       |       |       |       ||   572
       Halberd           |       |     1 |       |       |       |       |       |       |       ||     1
       Whip              |       |       |     7 |       |       |       |       |       |       ||     7
       Quarterstaff      |       |       |   152 |   801 |  1777 |  1806 |  1723 |  1621 |   567 ||  8447
       Short sword       |       |       |     4 |       |       |       |       |       |       ||     4
       Lajatang          |       |       |       |       |       |    30 |       |       |  2077 ||  2107
 Fire: Hunting sling     |     2 |    30 |    14 |       |       |       |       |       |       ||    46
Throw: Throwing net      |       |       |     8 |     3 |       |     1 |       |       |       ||    12
       Tomahawk          |       |       |    10 |    23 |    11 |   131 |    13 |    40 |       ||   228
       Javelin           |       |       |       |     7 |    24 |    12 |       |    32 |    48 ||   123
 Cast: Repel Missiles    |       |       |       |       |       |       |     6 |    12 |     8 ||    26
       Spectral Weapon   |       |       |       |       |       |       |    22 |   151 |   128 ||   301
       Summon Butterflie |       |       |       |       |       |       |       |    14 |    11 ||    25
       Blink             |       |       |       |       |       |       |       |     4 |     3 ||     7
       Freezing Cloud    |       |       |       |       |       |       |       |       |    41 ||    41
       Airstrike         |       |       |       |       |       |       |       |       |    19 ||    19
       Apportation       |       |       |       |       |       |       |       |       |     7 ||     7
Invok: Heroism           |       |       |       |     8 |    11 |    13 |     5 |     7 |     8 ||    52
       Finesse           |       |       |       |       |     2 |     2 |     2 |     2 |     1 ||     9
 Abil: Evoke Flight      |       |       |       |       |       |       |       |     4 |     1 ||     5
Evoke: Wand              |       |       |     3 |       |     2 |     5 |     2 |     2 |     3 ||    17
  Use: Scroll            |     8 |     2 |    11 |     6 |     9 |    12 |     6 |    17 |    20 ||    91
       Potion            |       |       |     3 |     2 |     3 |     3 |     1 |     1 |     7 ||    20
 Stab: Held in net/web   |       |       |     3 |       |       |       |       |       |       ||     3
       Distracted        |       |       |       |       |     3 |     3 |       |    20 |    24 ||    50
       Sleeping          |       |       |       |       |     8 |     7 |     1 |     5 |     4 ||    25
       Invisible         |       |       |       |       |     4 |       |       |       |       ||     4
       Confused          |       |       |       |       |     1 |       |       |       |       ||     1
  Eat: Chunk             |     3 |     4 |    15 |    25 |    34 |    36 |    25 |    32 |    45 ||   219
       Pizza             |       |       |       |       |     3 |     2 |       |     2 |     2 ||     9
       Royal jelly       |       |       |       |       |       |     1 |       |       |     1 ||     2
       Bread ration      |       |       |       |       |       |       |     2 |       |     1 ||     3
       Meat ration       |       |       |       |       |       |       |     1 |     1 |     3 ||     5

Table legend:
 A = Turns spent in this place as a percentage of turns spent in the entire game.
 B = Non-inter-level travel turns spent in this place as a percentage of non-inter-level travel turns spent in the entire game.
 C = Inter-level travel turns spent in this place as a percentage of turns spent in this place.
 D = Turns resting spent in this place as a percentage of non-inter-level travel turns spent in this place.
 E = Turns spent auto-exploring this place as a percentage of non-inter-level travel turns spent in this place.
 F = Non-inter-level travel turns spent in this place divided by the number of levels of this place that you've seen.
                   A       B       C       D       E      F
               +-------+-------+-------+-------+-------+----------------------
         Total | 100.0 | 100.0 |   0.6 |   0.9 |   3.3 | 493.1
       Dungeon |  20.5 |  20.4 |   0.9 |   0.7 |   4.4 | 517.0
        Temple |   0.1 |   0.1 |   0.0 |   0.0 |  18.6 |  43.0
          Lair |  11.1 |  11.0 |   1.1 |   0.4 |   4.1 | 524.0
         Swamp |   4.8 |   4.8 |   0.5 |   1.5 |   4.7 | 459.5
   Spider Nest |   5.7 |   5.7 |   0.4 |   1.8 |   3.7 | 542.5
    Slime Pits |   3.0 |   3.0 |   0.1 |   2.4 |   0.4 | 189.7
  Orcish Mines |   3.5 |   3.5 |   0.5 |   0.5 |   1.4 | 658.0
   Elven Halls |   6.8 |   6.8 |   0.3 |   1.0 |   2.7 | 866.0
        Vaults |  13.4 |  13.4 |   0.5 |   1.4 |   2.9 | 1020.4
         Crypt |   5.1 |   5.1 |   0.6 |   0.5 |   4.7 | 643.0
        Depths |   7.6 |   7.6 |   0.7 |   0.4 |   4.2 | 578.8
           Zot |   7.1 |   7.1 |   0.4 |   0.9 |   3.1 | 675.5
         Abyss |   3.2 |   3.2 |   0.0 |   0.0 |   0.1 | 243.4
   Pandemonium |   4.6 |   4.7 |   0.0 |   0.8 |   0.5 | 252.4
     Labyrinth |   0.4 |   0.4 |   0.0 |   0.0 |   0.0 | 150.0
         Trove |   0.1 |   0.1 |   0.0 |   0.0 |   0.0 |  49.0
         Sewer |   0.3 |   0.3 |   0.0 |   0.0 |   1.6 | 128.0
       Volcano |   0.5 |   0.5 |   0.0 |   0.0 |   0.0 | 197.0
        Wizlab |   2.0 |   2.1 |   0.0 |   0.8 |   2.7 | 781.0
               +-------+-------+-------+-------+-------+----------------------

Vault maps used:
D:1:      eino_arrival_water_star, minmay_gold_behind_fungi,
          serial_bayou_pond_a, minmay_cupped
D:2:      first_bread, minmay_misc_feat_alley
D:3:      lemuel_castle_with_subvaults
D:4:      serial_shops, kennysheep_mini_moat, portal_sewer_entry_f,
          minmay_misc_feat_iff, item_on_display_a
D:5:      minmay_parallelograms, grunt_pakellas_mercury, uniq_sigmund,
          uniq_blork_the_orc, uniq_pikel
D:6:      uniq_grinder, uniq_eustachio
D:7:      temple_fountains, serial_shops, nicolae_shop_stone, uniq_duvessa
D:8:      grunt_temple_overflow_order_and_chaos_1,
          nicolae_overflow_crystal_walls, hangedman_little_slice_of_home,
          uniq_erica, uniq_maurice
D:9:      minmay_twisted_water, grunt_temple_overflow_open, special_room,
          lightli_church_of_beogh
D:10:     grunt_lair_entry_orc_guard_hut, hiddenorc1_lemuel,
          minmay_misc_feat_nine_boxes, roderic_filled_cross,
          minmay_hollow_rounded_squares
D:11:     serial_shops, shop
D:12:     trove_entry_hex_spiral, uniq_snorg
D:14:     david_vaults_3, kennysheep_flooded_box, lab_entry_generic
D:15:     hangedman_depths_entry_try_elsewhere_first, uniq_agnes
Temple:   circular_temple_12
Lair:1:   beast_lair_carwin_10, grunt_megastairs_3
Lair:2:   special_room, grunt_megastairs_1, lemuel_fruit_tree
Lair:3:   minmay_swamp_entry_swarm, forest_entry_grove, uniq_urug
Lair:4:   spider_nest_entry_rubble
Lair:5:   minivault_11, uniq_rupert
Lair:6:   infiniplex_staircase_pool
Lair:7:   serial_bayou_shore_b
Lair:8:   hangedman_lair_tendril_chambers, guppyfry_lair_end_dragon,
          minmay_slime_entry_oklob_open
Swamp:1:  cheibrodos_swamp_heart_of_darkness, wheals_swamp_sinkhole
Swamp:2:  cheibrodos_swamp_tower_of_moss, evilmike_swamp_ruin_house_3,
          infiniplex_staircase_pool_2
Swamp:3:  evilmike_swamp_ruin_house_2, swamp_pool3
Swamp:4:  swamp_alternative, swamp_pool1
Spider:1: uniq_frances, uniq_louise
Spider:2: spider_trap
Spider:3: hangedman_spider_tarantella_strand
Spider:4: spider_rune_water, uniq_kirke, uniq_asterion
Slime:5:  nicolae_slime_barrier
Orc:1:    cheibrodos_orc_bank, uniq_josephine
Orc:2:    grunt_orc_cross, nicolae_volcano_entry_hallway, basic_altar
Elf:1:    eino_elf_arrival_customs, serial_shops, shop, evilmike_minifort,
          minivault_14, minivault_25, spider_trap, moated_statue
Elf:2:    uniq_azrael
Elf:3:    elf_hall_gauntlet_wide, patterned_corridor
Vaults:1: vaults_room_door_ring, hangedman_vaults_trim, v_rooms_6,
          dpeg_vaults_monster_box, grunt_vaults_twisty, serial_ice_m,
          nicolae_vaults_display_case, grunt_vaults_hallway_short,
          nicolae_vaults_little_squares_4, serial_shops,
          nicolae_shop_statue_plus
Vaults:2: hangedman_vaults_corner, vaults_standard_mumra_x,
          ontoclasm_vaults_pinch, vaults_mumra_minichess, vaults_dpeg_ring,
          v_alt_pattern_2, sword_in_stone, vaults_mumra_lcd, v_misc_30,
          v_pattern_2, ontoclasm_vaults_gateway,
          ontoclasm_vaults_decontamination, serial_ice_g
Vaults:3: hangedman_vaults_slice, v_alt_pattern_4,
          minmay_crypt_entry_nasty_monster, hangedman_vaults_locks,
          ontoclasm_vaults_hangar, nicolae_vaults_little_squares_3, v_misc_15,
          dpeg_vaults_waves, hangedman_vaults_trim,
          vaults_standard_mumra_enter_the_diamond,
          vaults_standard_mumra_enter_the_diamond, grunt_vaults_diagonal,
          nicolae_vaults_theta, vaults_room_pool, nicolae_vaults_sealed_display
Vaults:4: nicolae_vaults_circle_grid_a, hangedman_vaults_restitches, v_rooms_1,
          vaults_room_ringed_pool, v_misc_9, vaults_mumra_chevron, v_misc_10,
          ontoclasm_vaults_ring_square, nicolae_vaults_mini_display_case,
          vaults_room_hangedman_quadrants, uniq_saint_roka
Vaults:5: serial_shops
Crypt:1:  minmay_strange_pillars, minivault_14, hex_medium, uniq_wiglaf
Crypt:2:  uniq_jory
Crypt:3:  evilmike_haunted_forest
Depths:1: enter_ziggurat_b, infiniplex_enter_wizlab_glasses,
          hangedman_geh_valley, corexii_corridor_pit, serial_shops,
          nicolae_shop_waterfront, minmay_protected_statue, uniq_sojobo,
          uniq_mara
Depths:2: kennysheep_six_static_rooms, hell_entry, minmay_crystal_water,
          abyss_entry, nemelex_deck, infiniplex_staircase_hallway_doors
Depths:3: dpeg_oklob_gauntlet, serial_curves, eino_curves_01, eino_curves_03,
          pan_entry, minmay_misc_feat_cross, hell_entry,
          roderic_serpentine_path, minmay_misc_feat_secret_circle,
          abandoned_shop, due_unseen_surprise
Depths:4: nicolae_whirlpool, hellmouth_3, pan_entry, nrook_mini_vaults,
          abyss_entry_flame_altar, kennysheep_big_empty_room, tso_altar,
          uniq_frederick
Depths:5: grunt_zot_entry_bicorn, hangedman_coc_ice_floe, minmay_hedge_maze,
          basic_stair_grate_trap
Zot:2:    nicolae_moth_party
Zot:3:    nicolae_zot_stationary_front, hangedman_player_shredder,
          basic_stair_grate_trap
Zot:4:    lemuel_acid_trip
Abyss:3:  evilmike_abyss_rune_tentacle_tunnel
Abyss:4:  evilmike_abyss_rune_curve, evilmike_abyss_exit_glass,
          evilmike_abyss_exit_vortex, abyss_greek_temple
Pan:      evilmike_mini_pan_layers, evilmike_mini_pan_doors_b,
          pan_blood_fountain, nicolae_pan_hourglass, pan_blood_fountain_small,
          evilmike_mini_pan_corridor, evilmike_mini_pan_layers,
          evilmike_holy_pan, lemuel_hellion_island
Lab:      labyrinth_watery
Trove:    trove_jewel_2
Sewer:    sewer_big_baddie
Volcano:  volcano_grotto
WizLab:   wizlab_lehudib
